ANAHEIM Ducks vs NEW YORK Rangers

Created - 26 février 2024 at 23:15

Goals
1 2 3 T
ANAHEIM Ducks 3 0 1 4
NEW YORK Rangers 1 0 1 2
Shots
1 2 3 T
ANAHEIM Ducks 12 6 15 33
NEW YORK Rangers 11 9 6 26

1st period

1. ANAHEIM Ducks , Nathan MacKinnon 13 (Brayden Point 17, Mark Giordano 16) at 1:52 (PP)
2. ANAHEIM Ducks , Seth Jones 5 (MacKenzie Weegar 21, Nick Paul 15) at 8:11 (PP)
3. ANAHEIM Ducks , Brayden Point 14 (Nathan MacKinnon 11, Brett Pesce 13) at 13:13 (PP)
4. NEW YORK Rangers , Tyler Myers 7 (Timo Meier 11, Cam Fowler 17) at 18:28 (PP)

Penalties :
Timo Meier (NYR) for Tripping (Minor) at 0:58, Warren Foegele (ANA) for Tripping (Minor) at 2:46, Justin Faulk (NYR) for Interference (Minor) at 7:57, Cam Fowler (NYR) for Interference (Minor) at 11:41, MacKenzie Weegar (ANA) for Hooking (Minor) at 17:07, Jacob Middleton (NYR) for Holding (Minor) at 18:47

2nd period

No Goal

Penalties :
Patrick Maroon (ANA) for High sticking (Minor) at 5:33, Seth Jones (ANA) for Cross-checking (Minor) at 19:51

3rd period

5. ANAHEIM Ducks , Elias Lindholm 13 (Chandler Stephenson 20, Ryan Lindgren 6) at 6:30
6. NEW YORK Rangers , Cam Fowler 3 (Tyler Myers 14, Linus Ullmark) at 14:47 (PP)

Penalties :
Justin Faulk (NYR) for Holding (Minor) at 7:13, Nathan MacKinnon (ANA) for Holding (Minor) at 14:01, Tyler Myers (NYR) for Roughing (Minor) at 19:37

Goalie Stats

Philipp Grubauer (ANA), 24 saves from 26 shots - (0,923), W, 15-11-0, 60:00 minutes
Linus Ullmark (NYR), 29 saves from 33 shots - (0,879), L, 18-6-3, 60:00 minutes

Players Stats for ANAHEIM Ducks

Player Name              G  A  P  +/- PIM S  H  SB GA TA FO     MP     PP MP  PK MP  
------------------------------------------------------------------------------------
Brayden Point            1  1  2   0  0   4  0  0  0  0  15/23  19:58   3:45   0:22 
Brett Pesce              0  1  1   0  0   2  1  1  0  0  0/0    24:03   3:06   4:28 
Chandler Stephenson      0  1  1   1  0   2  1  0  0  0  0/0    24:20   3:15   5:50 
David Kampf              0  0  0   0  0   0  0  0  0  0  7/12   11:35   0:00   1:48 
Derick Brassard          0  0  0   0  0   3  0  0  0  0  0/0     4:29   0:00   0:26 
Elias Lindholm           1  0  1   1  0   1  1  0  0  0  19/37  24:20   3:15   5:50 
Jeff Carter              0  0  0   0  0   0  1  0  0  0  6/7    11:39   0:00   1:52 
Joel Farabee             0  0  0   1  0   3  3  0  0  0  0/0    18:30   3:15   0:00 
Justin Holl              0  0  0   0  0   1  1  0  0  0  0/0    17:58   0:00   3:36 
MacKenzie Weegar         0  1  1   0  2   3  4  3  0  0  0/0    23:02   3:54   2:40 
Mark Giordano            0  1  1   1  0   2  0  0  0  0  0/0    17:11   3:06   0:00 
Nathan MacKinnon         1  1  2   0  2   4  3  0  0  0  1/3    19:35   3:45   0:00 
Nic Dowd                 0  0  0   0  0   0  0  0  0  0  3/6     4:03   0:00   0:00 
Nick Paul                0  1  1   0  0   5  5  0  0  0  1/1    19:36   3:45   0:00 
Patrick Maroon           0  0  0   0  2   0  1  0  0  0  0/0     4:02   0:00   0:00 
Ryan Lindgren            0  1  1   1  0   0  2  0  0  0  0/0    18:33   0:00   4:28 
Seth Jones               1  0  1   0  2   2  1  1  0  0  0/0    19:11   3:54   0:56 
Warren Foegele           0  0  0   0  2   1  1  0  0  0  0/0     9:46   0:00   0:00 

Players Stats for NEW YORK Rangers

Player Name              G  A  P  +/- PIM S  H  SB GA TA FO     MP     PP MP  PK MP  
------------------------------------------------------------------------------------
Andrew Copp              0  0  0   0  0   2  0  0  0  0  5/10   14:04   4:32   0:12 
Brayden Schenn           0  0  0  -1  0   1  5  0  0  0  3/20   20:20   3:32   2:03 
Cam Fowler               1  1  2  -1  2   2  2  1  0  0  0/0    21:14   3:41   2:13 
Casey Cizikas            0  0  0   0  0   3  0  0  0  0  2/5     4:47   0:00   0:00 
Chris Kreider            0  0  0   0  0   3  0  0  0  0  2/5    25:33   4:32   4:57 
Conor Garland            0  0  0  -1  0   1  2  0  0  0  0/0    14:45   0:00   0:00 
Dante Fabbro             0  0  0   0  0   0  2  0  0  0  0/0    12:23   0:00   0:00 
Jacob Middleton          0  0  0   0  2   0  2  0  0  0  0/0    13:13   0:00   1:21 
Jamie Benn               0  0  0   0  0   2  1  1  0  0  22/42  25:21   4:32   4:45 
Jared Spurgeon           0  0  0   0  0   3  2  1  0  0  0/0    26:22   4:23   4:17 
Justin Faulk             0  0  0   0  4   0  4  4  0  0  0/0    25:12   4:23   3:09 
Kasperi Kapanen          0  0  0   0  0   2  2  0  0  0  1/3    12:52   3:32   0:00 
Kirill Marchenko         0  0  0   0  0   0  0  0  0  0  1/2     9:20   0:00   0:00 
Mats Zuccarello          0  0  0   0  0   2  1  0  0  0  0/0    16:04   0:00   0:00 
Ryan Lomberg             0  0  0   0  0   1  0  0  0  0  0/0     4:47   0:00   0:00 
Timo Meier               0  1  1  -1  2   2  3  0  0  0  0/0    19:51   3:32   1:35 
Tyler Myers              1  1  2  -1  2   2  7  1  0  0  0/0    21:31   3:41   3:00 
Vladislav Namestnikov    0  0  0   0  0   0  0  0  0  0  1/2     5:15   0:00   0:28 

3 Stars

1 - Brayden Point (ANA)
2 - Nathan MacKinnon (ANA)
3 - Elias Lindholm (ANA)

Power Play

ANAHEIM Ducks - 3 on 6 Attempt(s) - 50,00%
NEW YORK Rangers - 2 on 5 Attempt(s) - 40,00%

Penalty Kill

ANAHEIM Ducks - 3 on 5 Attempt(s) - 60,00% - Score 0 goal in Penalty Kill
NEW YORK Rangers - 3 on 6 Attempt(s) - 50,00% - Score 0 goal in Penalty Kill

Team Stat

ANAHEIM Ducks - Hits : 25 - Faceoff Wins : 52 - Blocked Shots : 5 - Penalty Minutes : 10
NEW YORK Rangers - Hits : 33 - Faceoff Wins : 37 - Blocked Shots : 8 - Penalty Minutes : 12

Official

Referees : Brian Pochmara and Garrett Rank
Linesman : Justine Todd and Devin Berg

Game Notes

No Game Note

Finance

Level 1 -- Attendance: 5329 (88,82%) -- Ticket Income $532,900
Level 2 -- Attendance: 4014 (80,28%) -- Ticket Income $240,840
Level 3 -- Attendance: 2000 (100,00%) -- Ticket Income $70,000
Level 4 -- Attendance: 4000 (100,00%) -- Ticket Income $80,000
Luxury Box -- Attendance: 856 (85,60%) -- Ticket Income $171,200
Game was played at the Madison Square Garden.
Total Attendance: 16199 (89,99%)
Total Ticket Income: $1,094,940
Other Income: $273,735
Total Income: $1,368,675

ANAHEIM Ducks

5 vs 5 Forward 
   Center                   Left Wing                Right Wing               Time % Phy DF OF 
 1 Brayden Point            Nick Paul                Nathan MacKinnon         35     0   2  3  
 2 Elias Lindholm           Chandler Stephenson      Joel Farabee             35     0   2  3  
 3 David Kampf              Warren Foegele           Jeff Carter              20     1   2  2  
 4 Nic Dowd                 Derick Brassard          Patrick Maroon           10     1   3  1  

5 vs 5 Defense 
   Defense                  Defense                                           Time % Phy DF OF 
 1 Brett Pesce              MacKenzie Weegar                                  40     1   2  2  
 2 Mark Giordano            Ryan Lindgren                                     35     1   2  2  
 3 Justin Holl              Seth Jones                                        20     2   2  1  
 4 Brett Pesce              MacKenzie Weegar                                  5      2   2  1  

PowerPlay Forward 
   Center                   Left Wing                Right Wing               Time % Phy DF OF 
 1 Brayden Point            Nick Paul                Nathan MacKinnon         60     0   1  4  
 2 Elias Lindholm           Chandler Stephenson      Joel Farabee             40     0   1  4  

PowerPlay Defense
   Defense                  Defense                                           Time % Phy DF OF 
 1 Seth Jones               MacKenzie Weegar                                  60     0   1  4  
 2 Mark Giordano            Brett Pesce                                       40     0   1  4  

Penalty Kill 4 Players Forward 
   Center                   Wing                     Time % Phy DF OF 
 1 Elias Lindholm           Chandler Stephenson      60     1   3  1  
 2 Jeff Carter              David Kampf              40     1   3  1  

Penalty Kill 4 Players Defense
   Defense                  Defense                  Time % Phy DF OF 
 1 Brett Pesce              Ryan Lindgren            60     1   3  1  
 2 MacKenzie Weegar         Justin Holl              40     1   3  1  

Penalty Kill - 3 Players Forward 
   Forward                                           Time % Phy DF OF 
 1 Elias Lindholm                                    60     1   4  0  
 2 Chandler Stephenson                               40     1   4  0  

Penalty Kill - 3 Players Defense
   Defense                  Defense                  Time % Phy DF OF 
 1 Brett Pesce              Ryan Lindgren            60     1   4  0  
 2 MacKenzie Weegar         Justin Holl              40     1   4  0  

4 vs 4 Forward 
   Center                   Wing                     Time % Phy DF OF 
 1 Elias Lindholm           Nathan MacKinnon         60     1   2  2  
 2 Chandler Stephenson      Brayden Point            40     1   2  2  

4 vs 4 Defense
   Defense                  Defense                  Time % Phy DF OF 
 1 MacKenzie Weegar         Brett Pesce              60     1   2  2  
 2 Mark Giordano            Ryan Lindgren            40     1   2  2  

Last Minutes Offensive
   Center                   Left Wing                Right Wing               Defense                  Defense                  
   Elias Lindholm           Brayden Point            Nathan MacKinnon         Seth Jones               MacKenzie Weegar         

Last Minutes Defensive
   Center                   Left Wing                Right Wing               Defense                  Defense                  
   Elias Lindholm           Chandler Stephenson      David Kampf              Ryan Lindgren            Brett Pesce              

Goaltenders
Starting : Philipp Grubauer         
Backup : Brian Elliott            

Extra Forwards
Normal : Jeff Carter, Nick Paul, Joel Farabee - PP : Jeff Carter, Nick Paul - PK : Jeff Carter
Extra Defensemen
Normal : Brett Pesce, Justin Holl, Ryan Lindgren - PP : Brett Pesce - PK : Brett Pesce, Justin Holl
Penalty Shots
Nathan MacKinnon, Brayden Point, Elias Lindholm, Chandler Stephenson, Nick Paul

Scratches
None

NEW YORK Rangers

5 vs 5 Forward 
   Center                   Left Wing                Right Wing               Time % Phy DF OF 
 1 Jamie Benn               Chris Kreider            Mats Zuccarello          40     1   2  2  
 2 Brayden Schenn           Timo Meier               Conor Garland            30     1   2  2  
 3 Andrew Copp              Kasperi Kapanen          Kirill Marchenko         20     1   3  1  
 4 Casey Cizikas            Ryan Lomberg             Vladislav Namestnikov    10     3   2  0  

5 vs 5 Defense 
   Defense                  Defense                                           Time % Phy DF OF 
 1 Jared Spurgeon           Justin Faulk                                      40     0   3  2  
 2 Cam Fowler               Tyler Myers                                       33     1   3  1  
 3 Jacob Middleton          Dante Fabbro                                      26     2   2  1  
 4 Jared Spurgeon           Justin Faulk                                      1      1   2  2  

PowerPlay Forward 
   Center                   Left Wing                Right Wing               Time % Phy DF OF 
 1 Jamie Benn               Chris Kreider            Andrew Copp              60     1   2  2  
 2 Brayden Schenn           Timo Meier               Kasperi Kapanen          40     1   2  2  

PowerPlay Defense
   Defense                  Defense                                           Time % Phy DF OF 
 1 Jared Spurgeon           Justin Faulk                                      60     1   2  2  
 2 Cam Fowler               Tyler Myers                                       40     1   2  2  

Penalty Kill 4 Players Forward 
   Center                   Wing                     Time % Phy DF OF 
 1 Jamie Benn               Chris Kreider            60     1   2  2  
 2 Brayden Schenn           Timo Meier               40     1   2  2  

Penalty Kill 4 Players Defense
   Defense                  Defense                  Time % Phy DF OF 
 1 Jared Spurgeon           Justin Faulk             60     1   2  2  
 2 Cam Fowler               Tyler Myers              40     1   2  2  

Penalty Kill - 3 Players Forward 
   Forward                                           Time % Phy DF OF 
 1 Jamie Benn                                        60     1   2  2  
 2 Brayden Schenn                                    40     1   2  2  

Penalty Kill - 3 Players Defense
   Defense                  Defense                  Time % Phy DF OF 
 1 Jared Spurgeon           Justin Faulk             60     1   2  2  
 2 Cam Fowler               Tyler Myers              40     1   2  2  

4 vs 4 Forward 
   Center                   Wing                     Time % Phy DF OF 
 1 Jamie Benn               Chris Kreider            60     1   2  2  
 2 Brayden Schenn           Timo Meier               40     1   2  2  

4 vs 4 Defense
   Defense                  Defense                  Time % Phy DF OF 
 1 Jared Spurgeon           Justin Faulk             60     1   2  2  
 2 Cam Fowler               Tyler Myers              40     1   2  2  

Last Minutes Offensive
   Center                   Left Wing                Right Wing               Defense                  Defense                  
   Jamie Benn               Chris Kreider            Andrew Copp              Jared Spurgeon           Justin Faulk             

Last Minutes Defensive
   Center                   Left Wing                Right Wing               Defense                  Defense                  
   Jamie Benn               Chris Kreider            Andrew Copp              Jared Spurgeon           Justin Faulk             

Goaltenders
Starting : Linus Ullmark            
Backup : Eric Comrie              

Extra Forwards
Normal : Brayden Schenn, Andrew Copp, Conor Garland - PP : Brayden Schenn, Andrew Copp - PK : Brayden Schenn
Extra Defensemen
Normal : Tyler Myers, Jacob Middleton, Dante Fabbro - PP : Tyler Myers - PK : Tyler Myers, Jacob Middleton
Penalty Shots
Jamie Benn, Chris Kreider, Timo Meier, Mats Zuccarello, Brayden Schenn

Scratches
Mason Shaw (Healthy)

% Time on Ice - ANAHEIM Ducks

Lines # - Real PCT - Wanted PCT - Time Play
Normal Forward
1 - 35% - 35% - 15:51
2 - 34% - 35% - 15:15
3 - 22% - 20% - 9:47
4 - 9% - 10% - 4:03
Normal Defense
1 - 37% - 40% - 16:29
2 - 31% - 35% - 14:05
3 - 32% - 20% - 14:22
4 - 0% - 5% - 0:00
PP Forward
1 - 54% - 60% - 3:45
2 - 46% - 40% - 3:15
PP Defense
1 - 56% - 60% - 3:54
2 - 44% - 40% - 3:06
PK Forward
1 - 78% - 60% - 6:16
2 - 22% - 40% - 1:48
PK Defense
1 - 55% - 60% - 4:28
2 - 45% - 40% - 3:36
PK3 Forward
1 - 0% - 60%
2 - 0% - 40%
PK3 Defense
1 - 0% - 60%
2 - 0% - 40%
44 Forward
1 - 0% - 60%
2 - 0% - 40%
44 Defense
1 - 0% - 60%
2 - 0% - 40%
Last Minute Offensive  - 0:00
Last Minute Defensive  - 0:00
Total
Forward - 60:00
Defense - 60:00

% Time on Ice - NEW YORK Rangers

Lines # - Real PCT - Wanted PCT - Time Play
Normal Forward
1 - 36% - 40% - 16:04
2 - 33% - 30% - 14:45
3 - 21% - 20% - 9:20
4 - 11% - 10% - 4:47
Normal Defense
1 - 39% - 40% - 17:42
2 - 33% - 33% - 14:51
3 - 28% - 26% - 12:23
4 - 0% - 1% - 0:00
PP Forward
1 - 56% - 60% - 4:32
2 - 44% - 40% - 3:32
PP Defense
1 - 54% - 60% - 4:23
2 - 46% - 40% - 3:41
PK Forward
1 - 71% - 60% - 4:57
2 - 29% - 40% - 2:03
PK Defense
1 - 73% - 60% - 5:08
2 - 27% - 40% - 1:52
PK3 Forward
1 - 0% - 60%
2 - 0% - 40%
PK3 Defense
1 - 0% - 60%
2 - 0% - 40%
44 Forward
1 - 0% - 60%
2 - 0% - 40%
44 Defense
1 - 0% - 60%
2 - 0% - 40%
Last Minute Offensive  - 0:00
Last Minute Defensive  - 0:00
Total
Forward - 60:00
Defense - 60:00

Play-by-Play

1st period


0:01 of 1st period - Jamie Benn wins face-off versus Nathan MacKinnon in neutral zone.
0:01 of 1st period - Jamie Benn is hit by Nick Paul.
0:14 of 1st period - Jamie Benn is hit by MacKenzie Weegar and loses puck.
0:23 of 1st period - Shot by Brayden Point.
0:23 of 1st period - Shot Misses the Net.
0:35 of 1st period - Shot by Jamie Benn.
0:35 of 1st period - Shot Blocked by MacKenzie Weegar.
0:54 of 1st period - Icing by Nathan MacKinnon.
0:55 of 1st period - Brayden Point wins face-off versus Brayden Schenn in ANAHEIM Ducks zone.
0:55 of 1st period - Brayden Point is hit by Brayden Schenn.
0:58 of 1st period - Minor Penalty to Timo Meier for Tripping.
0:59 of 1st period - Chris Kreider wins face-off versus Elias Lindholm in NEW YORK Rangers zone.
0:59 of 1st period - Chris Kreider is hit by Elias Lindholm.
1:24 of 1st period - Shot by Elias Lindholm.
1:24 of 1st period - Shot Misses the Net.
1:26 of 1st period - Shot by Elias Lindholm.
1:26 of 1st period - Deflect By Chandler Stephenson.
1:26 of 1st period - Shot Misses the Net.
1:28 of 1st period - Shot by Chandler Stephenson.
1:28 of 1st period - Stopped by Linus Ullmark without a rebound.
1:29 of 1st period - Nathan MacKinnon wins face-off versus Jamie Benn in NEW YORK Rangers zone.
1:52 of 1st period - Shot by Nathan MacKinnon.
1:52 of 1st period - Goal by Nathan MacKinnon - ANAHEIM Ducks : 1 - NEW YORK Rangers : 0.
1:53 of 1st period - Andrew Copp wins face-off versus Elias Lindholm in neutral zone.
2:09 of 1st period - Joel Farabee is hit by Cam Fowler and loses puck.
2:26 of 1st period - Shot by Elias Lindholm.
2:26 of 1st period - Shot Misses the Net.
2:46 of 1st period - Minor Penalty to Warren Foegele for Tripping.
2:47 of 1st period - Jamie Benn wins face-off versus Elias Lindholm in ANAHEIM Ducks zone.
3:02 of 1st period - Shot by Jared Spurgeon.
3:02 of 1st period - Shot Misses the Net.
3:40 of 1st period - Shot by Timo Meier.
3:40 of 1st period - Deflect By Kasperi Kapanen.
3:40 of 1st period - Stopped by Philipp Grubauer without a rebound.
3:41 of 1st period - Brayden Schenn wins face-off versus Jeff Carter in ANAHEIM Ducks zone.
4:08 of 1st period - Off-side.
4:09 of 1st period - Jeff Carter wins face-off versus Chris Kreider in neutral zone.
5:10 of 1st period - Shot by Conor Garland.
5:10 of 1st period - Stopped by Philipp Grubauer without a rebound.
5:11 of 1st period - David Kampf wins face-off versus Casey Cizikas in ANAHEIM Ducks zone.
5:49 of 1st period - Shot by Casey Cizikas.
5:49 of 1st period - Stopped by Philipp Grubauer without a rebound.
5:50 of 1st period - Elias Lindholm wins face-off versus Jamie Benn in ANAHEIM Ducks zone.
7:11 of 1st period - Shot by Brayden Point.
7:11 of 1st period - Shot Misses the Net.
7:13 of 1st period - Shot by Mark Giordano.
7:13 of 1st period - Stopped by Linus Ullmark without a rebound.
7:14 of 1st period - David Kampf wins face-off versus Andrew Copp in NEW YORK Rangers zone.
7:16 of 1st period - Warren Foegele is hit by Justin Faulk and loses puck.
7:22 of 1st period - Warren Foegele is hit by Jared Spurgeon and loses puck.
7:41 of 1st period - Shot by Brett Pesce.
7:41 of 1st period - Shot Blocked by Justin Faulk.
7:49 of 1st period - Andrew Copp is hit by Warren Foegele and loses puck.
7:57 of 1st period - Minor Penalty to Justin Faulk for Interference.
7:58 of 1st period - Brayden Point wins face-off versus Jamie Benn in NEW YORK Rangers zone.
8:05 of 1st period - Shot by Nathan MacKinnon.
8:05 of 1st period - Shot Misses the Net.
8:07 of 1st period - Shot by Nick Paul.
8:07 of 1st period - Shot Blocked by Tyler Myers.
8:11 of 1st period - Shot by Seth Jones.
8:11 of 1st period - Goal by Seth Jones - ANAHEIM Ducks : 2 - NEW YORK Rangers : 0.
8:12 of 1st period - Elias Lindholm wins face-off versus Brayden Schenn in neutral zone.
8:15 of 1st period - Shot by Joel Farabee.
8:15 of 1st period - Stopped by Linus Ullmark with a rebound.
8:21 of 1st period - Mark Giordano is hit by Conor Garland and loses puck.
8:32 of 1st period - Icing by Brayden Schenn.
8:33 of 1st period - Brayden Schenn wins face-off versus Brayden Point in NEW YORK Rangers zone.
8:38 of 1st period - Shot by Timo Meier.
8:38 of 1st period - Shot Blocked by Seth Jones.
8:50 of 1st period - Seth Jones is hit by Brayden Schenn and loses puck.
9:25 of 1st period - Shot by Mats Zuccarello.
9:25 of 1st period - Stopped by Philipp Grubauer with a rebound.
10:10 of 1st period - Icing by Nathan MacKinnon.
10:11 of 1st period - Brayden Point wins face-off versus Andrew Copp in ANAHEIM Ducks zone.
10:41 of 1st period - Shot by Andrew Copp.
10:41 of 1st period - Shot Misses the Net.
10:43 of 1st period - Shot by Justin Faulk.
10:43 of 1st period - Shot Misses the Net.
10:45 of 1st period - Shot by Andrew Copp.
10:45 of 1st period - Stopped by Philipp Grubauer without a rebound.
10:46 of 1st period - Nic Dowd wins face-off versus Brayden Schenn in ANAHEIM Ducks zone.
10:51 of 1st period - Shot by Conor Garland.
10:51 of 1st period - Shot Misses the Net.
10:55 of 1st period - Shot by Timo Meier.
10:55 of 1st period - Stopped by Philipp Grubauer without a rebound.
10:56 of 1st period - Jamie Benn wins face-off versus Elias Lindholm in ANAHEIM Ducks zone.
11:41 of 1st period - Minor Penalty to Cam Fowler for Interference.
11:42 of 1st period - Elias Lindholm wins face-off versus Jamie Benn in NEW YORK Rangers zone.
12:00 of 1st period - Icing by Joel Farabee.
12:01 of 1st period - Brayden Schenn wins face-off versus Elias Lindholm in ANAHEIM Ducks zone.
12:37 of 1st period - Shot by Nathan MacKinnon.
12:37 of 1st period - Shot Blocked by Justin Faulk.
12:41 of 1st period - Shot by Nick Paul.
12:41 of 1st period - Stopped by Linus Ullmark with a rebound.
12:43 of 1st period - Shot by Nick Paul.
12:43 of 1st period - Stopped by Linus Ullmark without a rebound.
12:44 of 1st period - Jamie Benn wins face-off versus Nathan MacKinnon in NEW YORK Rangers zone.
13:13 of 1st period - Shot by Brayden Point.
13:13 of 1st period - Goal by Brayden Point - ANAHEIM Ducks : 3 - NEW YORK Rangers : 0.
13:14 of 1st period - David Kampf wins face-off versus Vladislav Namestnikov in neutral zone.
13:33 of 1st period - David Kampf is hit by Tyler Myers and loses puck.
13:39 of 1st period - Warren Foegele is hit by Tyler Myers and loses puck.
13:52 of 1st period - Shot by Jeff Carter.
13:52 of 1st period - Shot Misses the Net.
14:17 of 1st period - Icing by Jared Spurgeon.
14:18 of 1st period - Elias Lindholm wins face-off versus Brayden Schenn in NEW YORK Rangers zone.
14:38 of 1st period - Timo Meier is hit by Ryan Lindgren and loses puck.
14:50 of 1st period - Conor Garland is hit by Ryan Lindgren and loses puck.
15:09 of 1st period - Icing by Brayden Schenn.
15:10 of 1st period - Brayden Point wins face-off versus Brayden Schenn in NEW YORK Rangers zone.
15:19 of 1st period - Shot by Brayden Point.
15:19 of 1st period - Stopped by Linus Ullmark with a rebound.
15:46 of 1st period - Chris Kreider is hit by Nathan MacKinnon and loses puck.
15:50 of 1st period - Chris Kreider is hit by Justin Holl and loses puck.
15:59 of 1st period - Shot by Mats Zuccarello.
15:59 of 1st period - Shot Misses the Net.
16:01 of 1st period - Shot by Jamie Benn.
16:01 of 1st period - Shot Misses the Net.
16:03 of 1st period - Shot by Jamie Benn.
16:03 of 1st period - Stopped by Philipp Grubauer with a rebound.
16:27 of 1st period - Seth Jones is hit by Tyler Myers and loses puck.
16:31 of 1st period - Icing by Cam Fowler.
16:32 of 1st period - Elias Lindholm wins face-off versus Andrew Copp in NEW YORK Rangers zone.
16:32 of 1st period - Brett Pesce is hit by Cam Fowler and loses puck.
16:48 of 1st period - Off-side.
16:49 of 1st period - Casey Cizikas wins face-off versus David Kampf in neutral zone.
16:58 of 1st period - Shot by Jared Spurgeon.
16:58 of 1st period - Stopped by Philipp Grubauer without a rebound.
16:59 of 1st period - Jamie Benn wins face-off versus Elias Lindholm in ANAHEIM Ducks zone.
17:07 of 1st period - Minor Penalty to MacKenzie Weegar for Hooking.
17:08 of 1st period - Jamie Benn wins face-off versus Elias Lindholm in ANAHEIM Ducks zone.
18:24 of 1st period - Shot by Timo Meier.
18:24 of 1st period - Stopped by Philipp Grubauer with a rebound.
18:26 of 1st period - Shot by Tyler Myers.
18:26 of 1st period - Stopped by Philipp Grubauer with a rebound.
18:28 of 1st period - Shot by Tyler Myers.
18:28 of 1st period - Goal by Tyler Myers - ANAHEIM Ducks : 3 - NEW YORK Rangers : 1.
18:29 of 1st period - Nick Paul wins face-off versus Casey Cizikas in neutral zone.
18:47 of 1st period - Minor Penalty to Jacob Middleton for Holding.
18:48 of 1st period - Brayden Point wins face-off versus Jamie Benn in NEW YORK Rangers zone.
19:23 of 1st period - Shot by Brett Pesce.
19:23 of 1st period - Stopped by Linus Ullmark without a rebound.
19:24 of 1st period - Elias Lindholm wins face-off versus Jamie Benn in NEW YORK Rangers zone.
19:25 of 1st period - Shot by Joel Farabee.
19:25 of 1st period - Shot Misses the Net.
19:27 of 1st period - Shot by Elias Lindholm.
19:27 of 1st period - Shot Misses the Net.
19:35 of 1st period - Shot by Chandler Stephenson.
19:35 of 1st period - Shot Misses the Net.
19:37 of 1st period - Shot by MacKenzie Weegar.
19:37 of 1st period - Stopped by Linus Ullmark without a rebound.
19:38 of 1st period - Brayden Point wins face-off versus Brayden Schenn in NEW YORK Rangers zone.
19:47 of 1st period - Shot by Nick Paul.
19:47 of 1st period - Stopped by Linus Ullmark without a rebound.
19:48 of 1st period - Jamie Benn wins face-off versus Elias Lindholm in NEW YORK Rangers zone.
19:58 of 1st period - Icing by Brett Pesce.
19:59 of 1st period - Elias Lindholm wins face-off versus Jamie Benn in ANAHEIM Ducks zone.
Goals for this period are 3 for ANAHEIM Ducks vs 1 for NEW YORK Rangers.
Shots for this period are 12 for ANAHEIM Ducks vs 11 for NEW YORK Rangers.

2nd period


0:01 of 2nd period - Brayden Point wins face-off versus Jamie Benn in neutral zone.
0:16 of 2nd period - Shot by Nathan MacKinnon.
0:16 of 2nd period - Stopped by Linus Ullmark without a rebound.
0:17 of 2nd period - Elias Lindholm wins face-off versus Jamie Benn in NEW YORK Rangers zone.
0:18 of 2nd period - Shot by Brett Pesce.
0:18 of 2nd period - Shot Misses the Net.
0:20 of 2nd period - Shot by Brett Pesce.
0:20 of 2nd period - Shot Misses the Net.
0:26 of 2nd period - Shot by Joel Farabee.
0:26 of 2nd period - Stopped by Linus Ullmark without a rebound.
0:27 of 2nd period - Jamie Benn wins face-off versus Brayden Point in NEW YORK Rangers zone.
0:34 of 2nd period - Icing by Nathan MacKinnon.
0:35 of 2nd period - Brayden Point wins face-off versus Jamie Benn in ANAHEIM Ducks zone.
1:44 of 2nd period - Justin Faulk is hit by Chandler Stephenson and loses puck.
2:09 of 2nd period - Icing by Justin Faulk.
2:10 of 2nd period - Chris Kreider wins face-off versus David Kampf in NEW YORK Rangers zone.
2:10 of 2nd period - Chris Kreider is hit by Jeff Carter.
2:25 of 2nd period - Icing by Justin Faulk.
2:26 of 2nd period - Brayden Point wins face-off versus Jamie Benn in NEW YORK Rangers zone.
2:26 of 2nd period - Nathan MacKinnon is hit by Justin Faulk and loses puck.
2:55 of 2nd period - Cam Fowler is hit by Nick Paul and loses puck.
3:42 of 2nd period - Jeff Carter is hit by Tyler Myers and loses puck.
5:33 of 2nd period - Minor Penalty to Patrick Maroon for High sticking.
5:34 of 2nd period - Jamie Benn wins face-off versus Elias Lindholm in ANAHEIM Ducks zone.
5:56 of 2nd period - Icing by Justin Faulk.
5:57 of 2nd period - Jeff Carter wins face-off versus Chris Kreider in NEW YORK Rangers zone.
6:09 of 2nd period - Icing by Jared Spurgeon.
6:10 of 2nd period - Elias Lindholm wins face-off versus Jamie Benn in NEW YORK Rangers zone.
6:14 of 2nd period - Icing by Justin Faulk.
6:15 of 2nd period - Jamie Benn wins face-off versus Elias Lindholm in NEW YORK Rangers zone.
6:37 of 2nd period - Shot by Andrew Copp.
6:37 of 2nd period - Stopped by Philipp Grubauer without a rebound.
6:38 of 2nd period - Jeff Carter wins face-off versus Jamie Benn in ANAHEIM Ducks zone.
6:44 of 2nd period - Icing by Justin Faulk.
6:45 of 2nd period - Jamie Benn wins face-off versus Elias Lindholm in NEW YORK Rangers zone.
6:52 of 2nd period - Icing by Jamie Benn.
6:53 of 2nd period - Jamie Benn wins face-off versus Elias Lindholm in NEW YORK Rangers zone.
7:10 of 2nd period - Shot by Jared Spurgeon.
7:10 of 2nd period - Stopped by Philipp Grubauer without a rebound.
7:11 of 2nd period - Jeff Carter wins face-off versus Kasperi Kapanen in ANAHEIM Ducks zone.
7:26 of 2nd period - Shot by Cam Fowler.
7:26 of 2nd period - Shot Misses the Net.
7:28 of 2nd period - Shot by Tyler Myers.
7:28 of 2nd period - Shot Misses the Net.
7:51 of 2nd period - Dante Fabbro is hit by Seth Jones and loses puck.
7:56 of 2nd period - Shot by Ryan Lomberg.
7:56 of 2nd period - Stopped by Philipp Grubauer with a rebound.
7:58 of 2nd period - Shot by Casey Cizikas.
7:58 of 2nd period - Stopped by Philipp Grubauer without a rebound.
7:59 of 2nd period - Andrew Copp wins face-off versus David Kampf in ANAHEIM Ducks zone.
8:04 of 2nd period - Shot by Andrew Copp.
8:04 of 2nd period - Deflect By Kasperi Kapanen.
8:04 of 2nd period - Stopped by Philipp Grubauer without a rebound.
8:05 of 2nd period - Jamie Benn wins face-off versus David Kampf in ANAHEIM Ducks zone.
8:12 of 2nd period - Shot by Chris Kreider.
8:12 of 2nd period - Stopped by Philipp Grubauer without a rebound.
8:13 of 2nd period - Jamie Benn wins face-off versus Elias Lindholm in ANAHEIM Ducks zone.
8:34 of 2nd period - Shot by Chandler Stephenson.
8:34 of 2nd period - Shot Misses the Net.
8:36 of 2nd period - Shot by Chandler Stephenson.
8:36 of 2nd period - Shot Hit the Post.
9:14 of 2nd period - Shot by Brayden Point.
9:14 of 2nd period - Shot Blocked by Justin Faulk.
9:16 of 2nd period - Shot by Brayden Point.
9:16 of 2nd period - Shot Misses the Net.
9:35 of 2nd period - Nathan MacKinnon is hit by Justin Faulk and loses puck.
10:51 of 2nd period - Shot by MacKenzie Weegar.
10:51 of 2nd period - Shot Misses the Net.
10:53 of 2nd period - Shot by Nic Dowd.
10:53 of 2nd period - Shot Misses the Net.
10:55 of 2nd period - Shot by Brett Pesce.
10:55 of 2nd period - Stopped by Linus Ullmark without a rebound.
10:56 of 2nd period - Elias Lindholm wins face-off versus Brayden Schenn in NEW YORK Rangers zone.
11:03 of 2nd period - Brayden Schenn is hit by Joel Farabee and loses puck.
12:24 of 2nd period - Shot by Casey Cizikas.
12:24 of 2nd period - Stopped by Philipp Grubauer without a rebound.
12:25 of 2nd period - David Kampf wins face-off versus Andrew Copp in ANAHEIM Ducks zone.
12:30 of 2nd period - Shot by Justin Holl.
12:30 of 2nd period - Stopped by Linus Ullmark with a rebound.
12:32 of 2nd period - Shot by Warren Foegele.
12:32 of 2nd period - Stopped by Linus Ullmark without a rebound.
12:33 of 2nd period - David Kampf wins face-off versus Andrew Copp in NEW YORK Rangers zone.
12:38 of 2nd period - Shot by Jeff Carter.
12:38 of 2nd period - Shot Blocked by Jared Spurgeon.
13:22 of 2nd period - Shot by Jamie Benn.
13:22 of 2nd period - Shot Misses the Net.
14:16 of 2nd period - Tyler Myers is hit by Joel Farabee and loses puck.
14:41 of 2nd period - Shot by Brayden Point.
14:41 of 2nd period - Stopped by Linus Ullmark without a rebound.
14:42 of 2nd period - Nic Dowd wins face-off versus Kirill Marchenko in NEW YORK Rangers zone.
14:57 of 2nd period - Ryan Lindgren is hit by Kasperi Kapanen and loses puck.
15:16 of 2nd period - Shot by Andrew Copp.
15:16 of 2nd period - Shot Misses the Net.
15:57 of 2nd period - Brayden Point is hit by Jamie Benn and loses puck.
16:02 of 2nd period - Shot by Chris Kreider.
16:02 of 2nd period - Stopped by Philipp Grubauer without a rebound.
16:03 of 2nd period - Elias Lindholm wins face-off versus Brayden Schenn in ANAHEIM Ducks zone.
16:03 of 2nd period - Elias Lindholm is hit by Conor Garland.
16:16 of 2nd period - Brayden Schenn is hit by MacKenzie Weegar and loses puck.
16:42 of 2nd period - Conor Garland is hit by Brett Pesce and loses puck.
16:47 of 2nd period - Shot by Timo Meier.
16:47 of 2nd period - Shot Blocked by MacKenzie Weegar.
16:57 of 2nd period - Shot by Cam Fowler.
16:57 of 2nd period - Shot Blocked by MacKenzie Weegar.
17:26 of 2nd period - Jamie Benn is hit by MacKenzie Weegar and loses puck.
17:47 of 2nd period - Shot by Jared Spurgeon.
17:47 of 2nd period - Stopped by Philipp Grubauer without a rebound.
17:48 of 2nd period - Vladislav Namestnikov wins face-off versus Brayden Point in ANAHEIM Ducks zone.
18:22 of 2nd period - Icing by Ryan Lindgren.
18:23 of 2nd period - Brayden Point wins face-off versus Brayden Schenn in ANAHEIM Ducks zone.
18:23 of 2nd period - Brayden Point is hit by Timo Meier.
18:29 of 2nd period - Jacob Middleton is hit by Nick Paul and loses puck.
19:15 of 2nd period - Off-side.
19:16 of 2nd period - Jamie Benn wins face-off versus Nic Dowd in neutral zone.
19:16 of 2nd period - Chris Kreider is hit by Patrick Maroon and loses puck.
19:49 of 2nd period - Seth Jones is hit by Mats Zuccarello and loses puck.
19:51 of 2nd period - Minor Penalty to Seth Jones for Cross-checking.
19:52 of 2nd period - Elias Lindholm wins face-off versus Brayden Schenn in ANAHEIM Ducks zone.
19:52 of 2nd period - Elias Lindholm is hit by Brayden Schenn.
Goals for this period are 0 for ANAHEIM Ducks vs 0 for NEW YORK Rangers.
Shots for this period are 6 for ANAHEIM Ducks vs 9 for NEW YORK Rangers.

3rd period


0:01 of 3rd period - Elias Lindholm wins face-off versus Jamie Benn in neutral zone.
0:44 of 3rd period - Shot by Justin Faulk.
0:44 of 3rd period - Shot Misses the Net.
1:00 of 3rd period - David Kampf is hit by Brayden Schenn and loses puck.
1:26 of 3rd period - MacKenzie Weegar is hit by Timo Meier and loses puck.
1:34 of 3rd period - Icing by Kasperi Kapanen.
1:35 of 3rd period - Jeff Carter wins face-off versus Brayden Schenn in NEW YORK Rangers zone.
1:54 of 3rd period - Shot by Nick Paul.
1:54 of 3rd period - Stopped by Linus Ullmark without a rebound.
1:55 of 3rd period - Jamie Benn wins face-off versus Brayden Point in NEW YORK Rangers zone.
1:55 of 3rd period - Jamie Benn is hit by Nick Paul.
2:03 of 3rd period - Shot by Brayden Point.
2:03 of 3rd period - Shot Misses the Net.
2:05 of 3rd period - Shot by Nick Paul.
2:05 of 3rd period - Shot Misses the Net.
2:07 of 3rd period - Shot by Nick Paul.
2:07 of 3rd period - Stopped by Linus Ullmark without a rebound.
2:08 of 3rd period - David Kampf wins face-off versus Casey Cizikas in NEW YORK Rangers zone.
2:26 of 3rd period - Jacob Middleton is hit by MacKenzie Weegar and loses puck.
2:50 of 3rd period - Icing by MacKenzie Weegar.
2:51 of 3rd period - David Kampf wins face-off versus Jamie Benn in ANAHEIM Ducks zone.
2:57 of 3rd period - Off-side.
2:58 of 3rd period - Jamie Benn wins face-off versus Elias Lindholm in neutral zone.
3:12 of 3rd period - Icing by Mark Giordano.
3:13 of 3rd period - Elias Lindholm wins face-off versus Brayden Schenn in ANAHEIM Ducks zone.
3:28 of 3rd period - Shot by Chandler Stephenson.
3:28 of 3rd period - Stopped by Linus Ullmark without a rebound.
3:29 of 3rd period - Jamie Benn wins face-off versus Brayden Point in NEW YORK Rangers zone.
3:29 of 3rd period - Jamie Benn is hit by Nick Paul.
3:45 of 3rd period - Shot by Jamie Benn.
3:45 of 3rd period - Deflect By Chris Kreider.
3:45 of 3rd period - Stopped by Philipp Grubauer without a rebound.
3:46 of 3rd period - Kasperi Kapanen wins face-off versus Elias Lindholm in ANAHEIM Ducks zone.
3:56 of 3rd period - Elias Lindholm is hit by Tyler Myers and loses puck.
4:17 of 3rd period - Shot by Joel Farabee.
4:17 of 3rd period - Shot Hit the Post.
4:19 of 3rd period - Shot by Elias Lindholm.
4:19 of 3rd period - Shot Misses the Net.
4:23 of 3rd period - Shot by Elias Lindholm.
4:23 of 3rd period - Shot Misses the Net.
4:25 of 3rd period - Shot by Joel Farabee.
4:25 of 3rd period - Shot Misses the Net.
4:27 of 3rd period - Shot by Mark Giordano.
4:27 of 3rd period - Stopped by Linus Ullmark without a rebound.
4:28 of 3rd period - Jamie Benn wins face-off versus Brayden Point in NEW YORK Rangers zone.
4:55 of 3rd period - Shot by Nathan MacKinnon.
4:55 of 3rd period - Shot Blocked by Justin Faulk.
5:51 of 3rd period - David Kampf is hit by Tyler Myers and loses puck.
5:54 of 3rd period - Shot by Jeff Carter.
5:54 of 3rd period - Shot Misses the Net.
5:56 of 3rd period - Shot by Seth Jones.
5:56 of 3rd period - Shot Misses the Net.
6:30 of 3rd period - Shot by Elias Lindholm.
6:30 of 3rd period - Goal by Elias Lindholm - ANAHEIM Ducks : 4 - NEW YORK Rangers : 1.
6:31 of 3rd period - Andrew Copp wins face-off versus Nic Dowd in neutral zone.
6:54 of 3rd period - Shot by Patrick Maroon.
6:54 of 3rd period - Deflect By Derick Brassard.
6:54 of 3rd period - Stopped by Linus Ullmark with a rebound.
6:56 of 3rd period - Shot by Derick Brassard.
6:56 of 3rd period - Stopped by Linus Ullmark without a rebound.
6:57 of 3rd period - Casey Cizikas wins face-off versus Brayden Point in NEW YORK Rangers zone.
7:13 of 3rd period - Minor Penalty to Justin Faulk for Holding.
7:14 of 3rd period - Jamie Benn wins face-off versus Elias Lindholm in NEW YORK Rangers zone.
7:31 of 3rd period - Shot by Seth Jones.
7:31 of 3rd period - Shot Misses the Net.
7:33 of 3rd period - Shot by MacKenzie Weegar.
7:33 of 3rd period - Stopped by Linus Ullmark with a rebound.
7:35 of 3rd period - Shot by MacKenzie Weegar.
7:35 of 3rd period - Stopped by Linus Ullmark with a rebound.
7:37 of 3rd period - Shot by MacKenzie Weegar.
7:37 of 3rd period - Shot Misses the Net.
7:39 of 3rd period - Shot by Joel Farabee.
7:39 of 3rd period - Stopped by Linus Ullmark with a rebound.
7:41 of 3rd period - Shot by Elias Lindholm.
7:41 of 3rd period - Shot Misses the Net.
7:43 of 3rd period - Shot by Chandler Stephenson.
7:43 of 3rd period - Deflect By Elias Lindholm.
7:43 of 3rd period - Shot Blocked by Jamie Benn.
7:45 of 3rd period - Shot by Seth Jones.
7:45 of 3rd period - Stopped by Linus Ullmark with a rebound.
8:36 of 3rd period - Shot by Nick Paul.
8:36 of 3rd period - Shot Blocked by Cam Fowler.
8:38 of 3rd period - Shot by Brayden Point.
8:38 of 3rd period - Shot Misses the Net.
8:40 of 3rd period - Shot by Brett Pesce.
8:40 of 3rd period - Shot Misses the Net.
8:42 of 3rd period - Shot by Nathan MacKinnon.
8:42 of 3rd period - Stopped by Linus Ullmark with a rebound.
9:19 of 3rd period - Seth Jones is hit by Kasperi Kapanen and loses puck.
9:29 of 3rd period - Icing by Cam Fowler.
9:30 of 3rd period - Andrew Copp wins face-off versus Nic Dowd in NEW YORK Rangers zone.
9:42 of 3rd period - Icing by Ryan Lindgren.
9:43 of 3rd period - Nic Dowd wins face-off versus Brayden Schenn in ANAHEIM Ducks zone.
9:43 of 3rd period - Nic Dowd is hit by Timo Meier.
10:05 of 3rd period - Shot by Derick Brassard.
10:05 of 3rd period - Stopped by Linus Ullmark without a rebound.
10:06 of 3rd period - Elias Lindholm wins face-off versus Jamie Benn in NEW YORK Rangers zone.
10:06 of 3rd period - Elias Lindholm is hit by Dante Fabbro.
10:15 of 3rd period - Chandler Stephenson is hit by Jacob Middleton and loses puck.
10:30 of 3rd period - Shot by Chris Kreider.
10:30 of 3rd period - Shot Blocked by Brett Pesce.
10:32 of 3rd period - Shot by Mats Zuccarello.
10:32 of 3rd period - Stopped by Philipp Grubauer without a rebound.
10:33 of 3rd period - Brayden Point wins face-off versus Brayden Schenn in ANAHEIM Ducks zone.
11:24 of 3rd period - Icing by Seth Jones.
11:25 of 3rd period - Brayden Point wins face-off versus Chris Kreider in ANAHEIM Ducks zone.
11:45 of 3rd period - Off-side.
11:46 of 3rd period - Kirill Marchenko wins face-off versus Elias Lindholm in neutral zone.
11:53 of 3rd period - Brett Pesce is hit by Jacob Middleton and loses puck.
12:05 of 3rd period - Joel Farabee is hit by Dante Fabbro and loses puck.
12:18 of 3rd period - Shot by Chandler Stephenson.
12:18 of 3rd period - Shot Misses the Net.
12:54 of 3rd period - Icing by Warren Foegele.
12:55 of 3rd period - Jeff Carter wins face-off versus Jamie Benn in ANAHEIM Ducks zone.
12:59 of 3rd period - David Kampf is hit by Jared Spurgeon and loses puck.
13:23 of 3rd period - David Kampf is hit by Justin Faulk.
13:30 of 3rd period - Icing by Jared Spurgeon.
13:31 of 3rd period - Jamie Benn wins face-off versus Brayden Point in NEW YORK Rangers zone.
14:01 of 3rd period - Minor Penalty to Nathan MacKinnon for Holding.
14:02 of 3rd period - Elias Lindholm wins face-off versus Kasperi Kapanen in ANAHEIM Ducks zone.
14:11 of 3rd period - Shot by Cam Fowler.
14:11 of 3rd period - Shot Misses the Net.
14:13 of 3rd period - Shot by Brayden Schenn.
14:13 of 3rd period - Stopped by Philipp Grubauer without a rebound.
14:14 of 3rd period - Elias Lindholm wins face-off versus Brayden Schenn in ANAHEIM Ducks zone.
14:14 of 3rd period - Elias Lindholm is hit by Brayden Schenn.
14:26 of 3rd period - Shot by Cam Fowler.
14:26 of 3rd period - Stopped by Philipp Grubauer without a rebound.
14:27 of 3rd period - Elias Lindholm wins face-off versus Brayden Schenn in ANAHEIM Ducks zone.
14:47 of 3rd period - Shot by Cam Fowler.
14:47 of 3rd period - Goal by Cam Fowler - ANAHEIM Ducks : 4 - NEW YORK Rangers : 2.
14:48 of 3rd period - Brayden Point wins face-off versus Jamie Benn in neutral zone.
14:53 of 3rd period - Shot by Nathan MacKinnon.
14:53 of 3rd period - Stopped by Linus Ullmark without a rebound.
14:54 of 3rd period - Brayden Point wins face-off versus Jamie Benn in NEW YORK Rangers zone.
14:59 of 3rd period - Shot by Brayden Point.
14:59 of 3rd period - Stopped by Linus Ullmark without a rebound.
15:00 of 3rd period - Elias Lindholm wins face-off versus Jamie Benn in NEW YORK Rangers zone.
15:20 of 3rd period - Jared Spurgeon is hit by Joel Farabee.
15:21 of 3rd period - Off-side.
15:22 of 3rd period - Brayden Point wins face-off versus Brayden Schenn in neutral zone.
15:48 of 3rd period - Cam Fowler is hit by Nathan MacKinnon and loses puck.
15:53 of 3rd period - Cam Fowler is hit by Nathan MacKinnon and loses puck.
16:35 of 3rd period - Shot by Jamie Benn.
16:35 of 3rd period - Stopped by Philipp Grubauer without a rebound.
16:36 of 3rd period - Andrew Copp wins face-off versus David Kampf in ANAHEIM Ducks zone.
18:53 of 3rd period - Brayden Point is hit by Tyler Myers and loses puck.
19:37 of 3rd period - Minor Penalty to Tyler Myers for Roughing.
19:38 of 3rd period - Jamie Benn wins face-off versus Elias Lindholm in NEW YORK Rangers zone.
Goals for this period are 1 for ANAHEIM Ducks vs 1 for NEW YORK Rangers.
Shots for this period are 15 for ANAHEIM Ducks vs 6 for NEW YORK Rangers. Output by the SimonT Hockey Simulator (STHS) for Martin Benoit - Original Page W3C HTML5 Valid
Hockey Simulator - Hockey Simulation - Hockey Manager